 Dungeon Crawl Stone Soup version 0.31-a0-851-g7ff8af7976 (webtiles) character file.

Game seed: 1451010507628143073

83 Arex the Ruffian (level 4, -2/37 HPs)
             Began as a Draconian Shapeshifter on Oct 5, 2023.
             Slain by Sigmund
             ... wielding a +0 scythe
              (8 damage)
             ... on level 2 of the Dungeon.
             The game lasted 00:02:51 (1287 turns).

Arex the Ruffian (Draconian Shapeshifter)           Turns: 1287, Time: 00:02:52

Health: -2/37      AC:  5    Str: 17    XL:     4   Next: 22%
Magic:  4/4        EV: 12    Int: 10    God:
Gold:   83         SH:  0    Dex: 12    Spells: 3/3 levels left

rFire   . .          .
                       - Unarmed
rCold   . . .        (no shield)
rNeg    . . .        (body armour unavailable)
rPois   .            (helmet currently unavailable)
rElec   .            (cloak currently unavailable)
rCorr   .            (gloves currently unavailable)
SInv    .            (boots currently unavailable)
Will    .....        (no amulet)
Stlth   +            (no ring)
HPRegen 0.26/turn    (no ring)
MPRegen 0.09/turn

%: no passive effects
@: beast-form, on berserk cooldown, slowed, very slow
A: beast (slay +2), AC +5, unfitting armour, cold-blooded
a: Begin Untransformation


You were on level 2 of the Dungeon.
You were a hulking beast.
You visited 1 branch of the dungeon, and saw 2 of its levels.

You collected 83 gold pieces.

Inventory:

Talismans
 b - a beast talisman (active)
 c - a flux talisman
Scrolls
 e - a scroll of teleportation {unknown}
 f - a scroll of vulnerability {unknown}
 h - a scroll of identify {unknown}
Potions
 a - a potion of lignification


   Skills:
 + Level 2.3 Fighting
 + Level 2.5 Dodging
 + Level 3.6 Unarmed Combat
 + Level 3.5 Shapeshifting


You had 3 spell levels left.
You didn't know any spells.
Your spell library was empty.

Dungeon Overview and Level Annotations

Branches:
Dungeon (2/15)

Altars:

Annotations:
D:2 Sigmund


Innate Abilities, Weirdness & Mutations

You are a hulking beast.
Your limbs bulge with bestial killing power. (Slay +2)
Your plain brown scales are hard. (AC +5)
You cannot fit into any form of body armour.
You are cold-blooded and may be slowed by cold attacks.


Message History

You kill the ball python!
You feel less confused. Something hits you.
You closely miss something.
Your tail-slap misses something.
You punch something!
You hear some strange, mumbled words.
You are confused.
You see here a bat skeleton.
You feel a strong urge to attack something.
Something hits you but does no damage.
You feel your anger nearly subside.
You are no longer berserk.
You are exhausted.
You feel yourself slow down. Something hits you.
You hear some strange, mumbled words.
A puff of flame appears from out of thin air!
The puff of flame misses you. Something hits you!
It was a potion of heal wounds.
You feel much better.
You feel less confused.
You hear some strange, mumbled words.
Something tries to affect you, but you resist.
You hit something. You tail-slap something. Your punch misses something.
Something hits you.
You hit something. Something hits you.
You punch something!
Your tail-slap misses something.
Something hits you.
You closely miss something.
You hear some strange, mumbled words.
You are confused.
Something hits you! Something hits you but does no damage.
You hear some strange, mumbled words.
A puff of flame appears from out of thin air!
The puff of flame hits you!
You see here a bat skeleton.
Something hits you!
* * * LOW HITPOINT WARNING * * *
You feel less confused. Something barely misses you. Something hits you!
You die...

#.............S#...#..
#.....# ...... #.....#
#... #.....# #...
#.....# #... #.....#
#########.# #.....#
#.........# #..{..#
#.........# #.÷h..#
#.........# ##....#
#.........# #....#
#.........# #....#
#.........# #....#
#.........# #....#
##......... #....#
##.......## ###)##
#.......... #.#
#.#########


There were no monsters in sight!

Vanquished Creatures
  Terence (D:2)
  3 adders (D:2)
  2 dart slugs (D:1)
  3 endoplasms (D:1)
  A giant cockroach (D:1)
  2 hobgoblins (D:1)
  4 ball pythons
  7 bats
  2 frilled lizards (D:1)
  A goblin (D:1)
  2 kobolds (D:1)
  3 rats
31 creatures vanquished.

Notes
Turn   | Place    | Note
-------+----------+-------------------------------------------
     0 | D:1      | Arex the Draconian Shapeshifter began the quest for the
                  | Orb.
     0 | D:1      | Reached XP level 1. HP: 16/16 MP: 1/1
   140 | D:1      | Reached XP level 2. HP: 23/23 MP: 2/2
   833 | D:2      | Identified the +2 flail of Kimn {freeze, rF+ rC+ Int+3}
   869 | D:2      | Noticed Terence
   886 | D:2      | Reached XP level 3. HP: 24/29 MP: 3/3
   970 | D:2      | Killed Terence
   971 | D:2      | Reached XP level 4. HP: 4/37 MP: 4/4
  1250 | D:2      | Noticed Sigmund
  1287 | D:2      | Slain by Sigmund

Illustrated notes

Levels and vault maps discovered:
D:1:      lemuel_arrival_cross, layout_rooms, minmay_door_square,
          minmay_misc_feat_four_crosses, roderic_roman_lattice,
          chequers_decorated_corner, dk_noncrumbling_4, minivault_26,
          st_stairs_6, minmay_surrounded
D:2:      layout_basic, serial_bayou_lagoon_a, hangedman_decor_points,
          uniq_terence, uniq_sigmund

Skill      XL: |  1  2  3 |
---------------+----------+-----
Dodging        | 2 |  2.5
Fighting       | 2 |  2.3
Unarmed Combat | |  3.6
Shapeshifting  | |  3.5

Action                     |  1- 3 |  4- 6 || total
---------------------------+-------+-------++-------
  Melee: Unarmed           |    83 |     7 ||    90
         Tailslap          |    13 |     1 ||    14
         Punch             |     1 |       ||     1
Ability: Begin Untransform |     1 |       ||     1
    Use: Potion            |       |     2 ||     2
 Armour: Skin              |    49 |    13 ||    62
  Dodge: Dodged            |    50 |     2 ||    52
   Form: Beast             |     1 |       ||     1

Table legend: (Time is in decaauts)
 A = Elapsed time spent in this place.
 B = Non-inter-level travel time spent in this place.
 C = Inter-level travel time spent in this place.
 D = Time resting spent in this place.
 E = Time spent auto-exploring this place.
 F = Levels seen in this place.
 G = Mean time per level.
                   A        B        C        D        E       F      G
               +--------+--------+--------+--------+--------+-----+--------+
         Total |   1286 |   1264 |     22 |    281 |    740 |   2 |  643.0 |
       Dungeon |   1286 |   1264 |     22 |    281 |    740 |   2 |  643.0 |
               +--------+--------+--------+--------+--------+-----+--------+

Top non-repeatable levels by time:
     D:1: 728 daAuts
     D:2: 558 daAuts
